Map: Acid Plant LE

Players

CinDra - Winner!

  • Race: Zerg Zerg
  • League: Gold
  • Spawn Location: 11:00

YuRi

  • Race: Protoss Protoss
  • Spawn Location: 5:00

VOD

Have the link to the VOD?

Description

Time

  • Played on: March 12, 2018, 10:33 p.m.
  • Length: 4:55
Show
View Real Time Build Order
Export as new Build Order

CinDra Zerg - Winner!

Build Orders: Pool First 

Get SALT Encoding   

  12  0:01  Drone  
  13  0:14  Overlord  
  13  0:17  Drone  
  14  0:32  Drone x2  
  16  0:41  Drone  
  17  0:44  Extractor  
  17  0:47  Drone  
  17  0:53  Spawning Pool  
  16  0:58  Drone  
  17  1:18  Hatchery  
  16  1:24  Drone  
  17  1:25  Drone  
  17  1:30  Drone  
  19  1:41  Zergling x2  
  20  1:51  Metabolic Boost  
  20  1:56  Queen  
  22  2:04  Roach Warren  
  22  2:06  Drone  
  22  2:11  Overlord  
  22  2:18  Overlord  
  22  2:44  Roach x2  
  22  2:45  Roach x2  
  22  2:46  Roach  
  32  2:52  Roach  
  32  2:56  Roach  
  36  3:02  Roach  
  38  3:09  Zergling x2  
  38  3:10  Zergling x2  
  38  3:12  Overlord  
  40  3:15  Zergling x2  
  42  3:20  Zergling x2  
  42  3:33  Zergling x6  
  45  3:35  Zergling x2  
  46  3:46  Overlord x2  
  43  4:21  Zergling x16  
  45  4:33  Zergling x4  
Show
View Real Time Build Order
Export as new Build Order

YuRi Protoss 

Build Orders:  

Get SALT Encoding   

  12  0:01  Probe  
  13  0:13  Probe  
  14  0:18  Pylon  
  14  0:25  Probe  
  15  0:38  Probe  
  15  0:40  Gateway  
  16  0:48  Pylon  
  16  0:52  Probe  
  17  1:04  Assimilator, Probe (Chrono Boost)  
  18  1:16  Probe (Chrono Boost)  
  19  1:23  Probe (Chrono Boost)  
  20  1:27  Cybernetics Core  
  20  1:29  Zealot  
  22  1:34  Probe (Chrono Boost)  
  23  1:45  Probe (Chrono Boost)  
  24  1:58  Probe  
  27  2:02  Warp Gate (Chrono Boost)  
  25  2:12  Nexus  
  25  2:18  Probe  
  26  2:26  Pylon  
  26  2:29  Assimilator  
  28  2:31  Probe  
  28  2:35  Pylon  
  29  2:42  Stalker  
  29  2:49  Gateway  
  29  2:54  Forge  
  29  3:06  Pylon  
  29  3:12  Gateway  
  29  3:24  Stalker  
  31  3:32  Probe (Chrono Boost)  
  33  3:40  Probe (Chrono Boost)  
  34  3:41  Probe (Chrono Boost)  
  34  3:46  Probe x2 (Chrono Boost)  
  36  3:58  Probe  
  37  4:09  Stalker  
  33  4:10  Stalker  
  31  4:22  Zealot  
  9  4:38  Zealot x2  
  7  4:40  Zealot  
Tags
 
League
Gold
Matchup
PvZ
Opening
Pool First
Spawn Locations
Cross Positions
Add a new tag
Caveats
  • Supply blocks, unpowered buildings, or Contaminate may cause inaccurate times.
  • Supply counts are checked every 10 seconds.